 Dungeon Sprint DCSS version 0.26-a0-1102-g347fe5baa7 (webtiles) character file.

Game seed: 3740111559682845582

46 mhtbhm the Quickloader (level 3, -3/23 HPs)
             Began as a Kobold Hunter on Dec 15, 2020.
             Slain by a hound (6 damage)
             ... in the Dungeon (Sprint IX: "|||||||||||||||||||||||||||||").
             The game lasted 00:00:29 (211 turns).

mhtbhm the Quickloader (Kobold Hunter)               Turns: 211, Time: 00:00:29

Health: -3/23      AC:  3    Str: 10    XL:     3   Next: 95%
Magic:  3/3        EV: 15    Int: 12    God:
Gold:   0          SH:  0    Dex: 15    Spells: 2/2 levels left

rFire    . . .     SeeInvis .   b - +0 short sword
rCold    . . .     Faith    .   (shield restricted)
rNeg     . . .     Spirit   .   c - +0 leather armour
rPois    .         Reflect  .   (no helmet)
rElec    .         Harm     .   (no cloak)
rCorr    .         Rampage  .   (no gloves)
Will     .....     NoTele   +   (no boots)
Stlth    +++.......             (no amulet)
HPRegen  0.07/turn              (no ring)
MPRegen  0.08/turn              (no ring)

@: no status effects
A: small, nightstalker 3
a: no special abilities


You were in the Dungeon.
You visited 1 branch

Inventory:

Hand Weapons
 a - a +1 hand crossbow
 b - a +0 short sword (weapon)
Missiles
 d - 19 bolts
Armour
 c - a +0 leather armour (worn)
Scrolls
 j - a scroll of blinking
Potions
 e - a potion of curing
 g - a potion of haste
 h - 2 potions of magic
 i - a potion of berserk rage


   Skills:
 + Level 3.4 Fighting
 + Level 1.8 Short Blades
 + Level 8.4 Crossbows
 + Level 0.6 Armour
 + Level 3.5 Dodging
 + Level 1.5 Stealth


You had 2 spell levels left.
You didn't know any spells.
Your spell library was empty.

Dungeon Overview and Level Annotations

Branches:
Dungeon (1/1)

Altars:


Innate Abilities, Weirdness & Mutations

You are small and have problems with some larger weapons.
You are completely attuned to the shadows.


Message History

You aren't carrying any items that you can evoke.
Unknown command.
You hit the hound.
The hound is severely wounded.
The hound bites you. The hound misses you.
You barely miss the hound.
The hound is severely wounded.
The hound bites you.
You completely miss the hound.
The hound is severely wounded.
The hound bites you but does no damage. The hound bites you.
* * * LOW HITPOINT WARNING * * *
You hit the hound but do no damage.
The hound is severely wounded.
The hound bites you.
* * * LOW HITPOINT WARNING * * *
You hit the hound.
The hound is almost dead.
The hound bites you.
You die... ▓▓▓▓▓▓▓▓▓▓▓▓▓▓▓ r.h'.)††.(hrh@▓ ▓▓▓▓▓▓▓▓▓▓▓▓▓▓▓

You could see 2 hounds and a quokka.

Vanquished Creatures
  A howler monkey (D)
  A dart slug (D)
  2 giant cockroaches (D)
  2 hobgoblins (D)
6 creatures vanquished.

Notes
Turn   | Place    | Note
-------+----------+-------------------------------------------
     0 | D        | mhtbhm the Kobold Hunter began the quest for the Orb.
     0 | D        | Reached XP level 1. HP: 12/12 MP: 1/1
     2 | D        | Banished a spatial maelstrom
     7 | D        | Reached skill level 5 in Crossbows
     9 | D        | Reached skill level 6 in Crossbows
    12 | D        | Reached XP level 2. HP: 8/18 MP: 2/2
   174 | D        | Noticed a howler monkey
   201 | D        | Killed a howler monkey
   202 | D        | Reached skill level 1 in Short Blades
   202 | D        | Reached skill level 8 in Crossbows
   202 | D        | Reached XP level 3. HP: 18/23 MP: 3/3
   211 | D        | Slain by a hound

Illustrated notes

Levels and vault maps discovered:
D:        linesprint [early_d, line_temple, items_1, d_10, items_2, lair_1,
          lair_end, items_3, orc_1, orc_end, items_4, d_15, swamp_1, shoals_1,
          snake_1, spider_1, d_20, vaults_1, items_5, swamp_end, shoals_end,
          snake_end, spider_end, vaults_end, d_27, items_6, zot_1, zot_end,
          crypt_end, forest_end, elf_end, slime_end, tomb_end, abyss_end,
          pan_hell_end]

Skill      XL: |  1  2 |
---------------+-------+-----
Crossbows      | 6 8 |  8.4
Dodging        | 3 |  3.5
Fighting       | 3 |  3.4
Short Blades   | 1 |  1.8
Armour         | |  0.6
Stealth        | |  1.5

Action                   || total
-------------------------++-------
Melee: Short sword       ||    25
 Fire: Hand crossbow     ||     8
  Use: Potion            ||     1
Armor: Leather armour    ||     3
Dodge: Dodged            ||    21

Table legend: (Time is in decaauts)
 A = Elapsed time spent in this place.
 B = Non-inter-level travel time spent in this place.
 C = Inter-level travel time spent in this place.
 D = Time resting spent in this place.
 E = Time spent auto-exploring this place.
 F = Levels seen in this place.
 G = Mean time per level.
                   A        B        C        D        E       F      G
               +--------+--------+--------+--------+--------+-----+--------+
         Total |    213 |    213 |      0 |    147 |      3 |   1 |  213.0 |
       Dungeon |    213 |    213 |      0 |    147 |      3 |   1 |  213.0 |
               +--------+--------+--------+--------+--------+-----+--------+

Top non-repeatable levels by time:
       D: 213 daAuts
